 Dungeon Crawl Stone Soup version 0.25.1-2-g60ff931df9 (webtiles) character file.

Game seed: 1325174083142232045

138 Curus the Poker (level 5, -7/61 HPs)
             Began as a Demonspawn Berserker on Aug 10, 2020.
             Was a Believer of Trog.
             Mangled by a centaur (8 damage)
             ... on level 3 of the Dungeon.
             The game lasted 00:14:09 (3129 turns).

Curus the Poker (Demonspawn Berserker)              Turns: 3129, Time: 00:14:10

Health: -7/61      AC:  9    Str: 18    XL:     5   Next: 1%
Magic:  5/5        EV:  8    Int:  8    God:    Trog [**....]
Gold:   87         SH:  0    Dex: 13    Spells: 4/4 levels left

rFire    . . .     SeeInvis .   a - +0 spear
rCold    . . .     Gourm    .   (no shield)
rNeg     . . .     Faith    .   g - +1 ring mail
rPois    .         Spirit   .   (no helmet)
rElec    .         Reflect  .   l - scarf {repulsion}
rCorr    .         Harm     .   (no gloves)
MR       .....                  (no boots)
Stlth    ..........             m - amulet of inaccuracy (curse)
HPRegen  0.20/turn              d - ring of flight
MPRegen  0.09/turn              (no ring)

@: berserking, constricted, repel missiles, very quick
A: icy blue scales 2
a: Berserk, Trog's Hand, Renounce Religion, Evoke Flight


You were on level 3 of the Dungeon.
You worshipped Trog.
Trog was pleased with you.
You were hungry.

You visited 1 branch of the dungeon, and saw 3 of its levels.

You collected 87 gold pieces.

Inventory:

Hand Weapons
 a - a +0 spear (weapon)
Armour
 b - a +0 animal skin
 g - a +1 ring mail (worn)
 i - a cursed -1 chain mail
 l - a scarf of repulsion (worn)
Jewellery
 d - a ring of flight (left hand)
 m - a cursed amulet of inaccuracy (around neck)
Scrolls
 h - 2 scrolls of identify
 k - a scroll of fear
Potions
 e - a potion of invisibility
 j - a potion of stabbing
Comestibles
 c - 6 rations
 f - 3 chunks of flesh


   Skills:
 - Level 3.0 Fighting
 + Level 5.2 Polearms
 - Level 1.7 Armour
 - Level 1.7 Dodging


You had 4 spell levels left.
You didn't know any spells.
Your spell library was empty.

Dungeon Overview and Level Annotations

Branches:
Dungeon (3/15)

Altars:


Innate Abilities, Weirdness & Mutations

You are mostly covered in icy blue scales. (AC +3)


Message History

The ball python bites you but does no damage.
* * * LOW HITPOINT WARNING * * *
The ball python constricts you.
A red film seems to cover your vision as you go berserk!
You feel yourself moving faster!
You feel mighty!
You are feeling hungry.
The centaur barely misses you. The ball python bites you.
* * * LOW HITPOINT WARNING * * *
x2 The ball python constricts you.
Unknown command.
You closely miss the ball python. The centaur hits you!
* * * LOW HITPOINT WARNING * * *
You closely miss the ball python.
The ball python bites you but does no damage.
* * * LOW HITPOINT WARNING * * *
The ball python constricts you. The centaur hits you.
* * * LOW HITPOINT WARNING * * *
You barely miss the ball python. The ball python closely misses you.
The ball python constricts you. The centaur hits you!
You die...

### ####### ..
#.....# .#
#.....##S#####
#.((...@c....#
#..(((##.###...
#.....# .#
###.### .. #.#
### #.# #.
####.#### ##.
#.......# ##+##
#.. #.#...#.#
##...## #..


You could see a centaur and a ball python.

Vanquished Creatures
  A howler monkey zombie (D:3)
  3 adders
  An ooze (D:2)
  5 dart slugs
  4 leopard geckos
  3 orcs (D:3)
  4 bats
  2 giant cockroaches (D:2)
  9 goblins
  9 hobgoblins
  18 jackals
  3 frilled lizards
  2 kobolds
  7 rats
71 creatures vanquished.

Notes
Turn   | Place    | Note
-------+----------+-------------------------------------------
     0 | D:1      | Curus the Demonspawn Berserker began the quest for the Orb.
     0 | D:1      | Reached XP level 1. HP: 18/18 MP: 1/1
   103 | D:1      | Reached skill level 3 in Polearms
   397 | D:1      | Gained mutation: You are partially covered in icy blue
                  | scales. (AC +2) [demonic ancestry]
   397 | D:1      | Reached XP level 2. HP: 23/24 MP: 2/2
  1180 | D:1      | Gained mutation: You are mostly covered in icy blue scales.
                  | (AC +3) [demonic ancestry]
  1180 | D:1      | Reached XP level 3. HP: 26/29 MP: 3/3
  1302 | D:2      | Reached skill level 4 in Polearms
  1305 | D:2      | Reached ** piety under Trog
  1668 | D:2      | Reached XP level 4. HP: 20/35 MP: 4/4
  2547 | D:3      | Reached skill level 5 in Polearms
  2996 | D:3      | Reached XP level 5. HP: 30/41 MP: 5/5
  3111 | D:3      | Noticed a centaur
  3128 | D:3      | HP: 1/61 [centaur (4)]
  3129 | D:3      | Mangled by a centaur

Illustrated notes

Levels and vault maps discovered:
D:1:      saegor_arrival_miasma, layout_basic
D:2:      layout_rooms
D:3:      layout_loops_corners

Skill      XL: |  1  2  3  4 |
---------------+-------------+-----
Polearms       | 3 4 5 |  5.2
Fighting       | |  3.0
Armour         | |  1.7
Dodging        | |  1.7

Action                   |  1- 3 |  4- 6 || total
-------------------------+-------+-------++-------
Melee: Spear             |   157 |   220 ||   377
Invok: Berserk           |     2 |     1 ||     3
  Use: Scroll            |     5 |     3 ||     8
       Potion            |     3 |     3 ||     6
  Eat: Chunk             |     5 |     5 ||    10
Armor: Animal skin       |    13 |       ||    13
       Ring mail         |    65 |    82 ||   147
Dodge: Dodged            |   112 |   119 ||   231
